 Dungeon Crawl Stone Soup version 0.22-a0-93-g6b88ebb (webtiles) character file.

1908 4thArraOfDagon the Fighter (level 8, -1/80 HPs)
             Began as a Demigod Wanderer on Jan 24, 2018.
             Slain by an iguana (13 damage)
             ... on level 7 of the Dungeon.
             The game lasted 00:14:06 (4192 turns).

4thArraOfDagon the Fighter (Demigod Wanderer)       Turns: 4192, Time: 00:14:06

Health: -1/80      AC:  6    Str: 16    XL:     8   Next: 63%
Magic:  10/10      EV: 14    Int: 19    God:
Gold:   214        SH:  0    Dex: 15    Spells: 5/7 levels left

rFire    . . .     SeeInvis .   b - +0 quarterstaff
rCold    . . .     Gourm    .   (shield currently unavailable)
rNeg     . . .     Faith    .   g - +1 ring mail
rPois    .         Spirit   .   (no helmet)
rElec    .         Reflect  .   (no cloak)
rCorr    +         Harm     +   (no gloves)
MR       .....                  (no boots)
Stlth    +.........             o - amulet of harm
HPRegen  0.23/turn              n - +4 ring of evasion
MPRegen  0.12/turn              v - ring of resist corrosion

@: drained
A: high mp 1
a: no special abilities


You were on level 7 of the Dungeon.
You were not hungry.

You visited 1 branch of the dungeon, and saw 7 of its levels.

You collected 214 gold pieces.

Inventory:

Hand Weapons
 b - a +0 quarterstaff (weapon)
 c - a +0 short sword
 x - the +4 Vampire's Tooth {vamp}
   (You found it on level 5 of the Dungeon)

   It inflicts no extra harm, but heals its wielder when it wounds a living foe.
 A - a +0 glaive of chopping
Armour
 a - a +2 leather armour
 g - a +1 ring mail (worn)
 r - a +0 plate armour
Jewellery
 k - an uncursed amulet of the gourmand
 n - a +4 ring of evasion (left hand)
 o - an amulet of harm (around neck)
 v - a ring of resist corrosion (right hand)
Wands
 B - a wand of paralysis (11)
Scrolls
 e - 2 scrolls of enchant armour
 f - a scroll of magic mapping {unknown}
 i - 3 scrolls of remove curse {unknown}
 j - 2 scrolls of teleportation {unknown}
 m - 2 scrolls of amnesia
 s - a scroll of fear {unknown}
 u - a scroll of enchant weapon {unknown}
 y - a scroll of holy word {unknown}
 C - a scroll of blinking {unknown}
Potions
 h - a potion of lignification
 p - a potion of cancellation
 q - a potion of might
 t - 2 potions of agility
 w - a potion of heal wounds {unknown}
 z - a potion of invisibility {unknown}
Books
 l - a book of Cantrips

   Spells                             Type                      Level
   a - Confusing Touch                Hexes                        1
   b - Animate Skeleton               Necromancy                   1
   c - Summon Small Mammal            Summoning                    1
   d - Apportation                    Translocation                1
Comestibles
 d - 6 rations


   Skills:
 + Level 10.5(10.1) Fighting
 - Level 3.6(3.3) Short Blades
 - Level 1.0(0.7) Staves
 - Level 1.1(0.9) Armour
 - Level 1.0(0.7) Dodging
 - Level 1.0(0.7) Stealth
   Level 1.7(1.4) Shields


You had 5 spell levels left.
You knew the following spells:

 Your Spells              Type           Power        Failure   Level  Hunger
a - Apportation           Tloc           #.....       36%         1    ##.....
b - Animate Skeleton      Necr           N/A          36%         1    ##.....


Dungeon Overview and Level Annotations

Branches:
Dungeon (7/15)             Temple (0/1) D:7


Innate Abilities, Weirdness & Mutations

You have an increased reservoir of magic. (+10% MP)


Message History

Unknown command.
Found a ration.
d - 6 rations (gained 1)
An iguana comes into view.
The iguana hisses angrily.
You hear a blaring wail to the south.
You hear a shout! x2
Found a stone staircase leading down.
You hit the iguana.
The iguana is lightly wounded.
The iguana bites you!
* * * LOW HITPOINT WARNING * * *
The iguana bites you!
* * * LOW HITPOINT WARNING * * *
You thump the iguana!
The iguana is severely wounded.
The iguana barely misses you.
You hit the iguana.
The iguana is almost dead.
The iguana bites you!
You die...

.................#
.##.######.#####.#
.##.# #.# #.#
....# #.# #.#
.#### #.# #.# .#
..# #.# .# .## #.#
.# .######.# .#
.....>..@# ##
.#.###l## # #. #
#. # #. # #. # ###
#. # #.. #. # #.#


You could see an iguana.

Vanquished Creatures
  A hungry ghost (D:7)
  2 ogres
  6 centaurs
  A big kobold (D:7)
  A bullfrog (D:6)
  4 scorpions (D:7)
  A howler monkey (D:4)
  2 vampire bats (D:5)
  A crimson imp (D:7)
  3 hounds
  A jelly (D:7)
  3 orc priests
  4 orc wizards
  An iguana (D:5)
  A worker ant (D:5)
  A hound skeleton (D:6)
  8 gnolls
  4 adders
  2 oozes
  3 worms
  A dart slug (D:5)
  5 leopard geckos
  26 orcs
  2 giant cockroaches
  3 goblins
  7 hobgoblins
  7 jackals
  A quokka (D:2)
  5 ball pythons
  11 bats
  5 frilled lizards
  8 kobolds
  A leopard gecko skeleton (D:4)
  2 rats (D:1)
134 creatures vanquished.

Notes
Turn   | Place    | Note
-------+----------+-------------------------------------------
     0 | D:1      | 4thArraOfDagon the Demigod Wanderer began the quest for the Orb.
     0 | D:1      | 4thArraOfDagon set off with: a +2 leather armour, a +0 quarterstaff, a +0 short sword, a ration
     0 | D:1      | Reached XP level 1. HP: 16/16 MP: 3/3
   200 | D:1      | Reached skill level 2 in Fighting
   216 | D:1      | Reached XP level 2. HP: 15/24 MP: 4/4
   421 | D:2      | Found a glowing golden altar of the Shining One.
   421 | D:2      | Found a glowing silver altar of Zin.
   421 | D:2      | Found a white marble altar of Elyvilon.
   479 | D:2      | Reached XP level 3. HP: 16/30 MP: 5/5
   519 | D:2      | Reached skill level 3 in Fighting
   594 | D:2      | Learned a level 1 spell: Apportation
   596 | D:2      | Learned a level 1 spell: Animate Skeleton
   602 | D:2      | Found a shadowy altar of Dithmenos.
  1146 | D:3      | Found a faded altar of an unknown god.
  1531 | D:4      | Noticed a centaur
  1606 | D:3      | Reached XP level 4. HP: 36/40 MP: 6/6
  1656 | D:3      | Found a radiant altar of Vehumet.
  1839 | D:3      | Reached skill level 1 in Armour
  1905 | D:4      | Reached skill level 4 in Fighting
  1937 | D:4      | Reached XP level 5. HP: 24/47 MP: 7/7
  2179 | D:4      | Killed a centaur
  2179 | D:4      | Reached skill level 5 in Fighting
  2217 | D:4      | Found a blossoming altar of Fedhas.
  2339 | D:4      | Noticed an ogre
  2489 | D:4      | Noticed a centaur
  2495 | D:4      | Killed a centaur
  2495 | D:4      | Reached XP level 6. HP: 46/57 MP: 8/8
  2509 | D:4      | Reached skill level 6 in Fighting
  2654 | D:4      | Found a sparkling altar of Nemelex Xobeh.
  2721 | D:5      | Entered Level 5 of the Dungeon
  2960 | D:4      | Reached skill level 7 in Fighting
  2960 | D:4      | Reached XP level 7. HP: 49/66 MP: 9/9
  3299 | D:5      | Found a blossoming altar of Fedhas.
  3340 | D:5      | Found an iron altar of Okawaru.
  3372 | D:5      | Found the +4 Vampire's Tooth {vamp}
  3377 | D:5      | Reached skill level 8 in Fighting
  3716 | D:6      | Found a bloodstained altar of Trog.
  3790 | D:7      | Reached skill level 9 in Fighting
  3790 | D:7      | Reached XP level 8. HP: 51/78 MP: 10/10
  3801 | D:7      | Found a staircase to the Ecumenical Temple.
  3988 | D:7      | Reached skill level 10 in Fighting
  4192 | D:7      | Slain by an iguana

Vault maps used:
D:1:      lemuel_arrival_broad_hall
D:2:      good_gods_mini_temple, overflow_temple_1_default
D:3:      nicolae_overflow_hidden_temple, chequers_ecumenical_altar_grove
D:4:      fedhas_bush_and_centaur_altar, first_ration, minivault_4,
          nemelex_dance_club_becter
D:5:      overflow_temple_1_default, basic_altar,
          minmay_guarded_unrand_vampires_tooth
D:6:      minivault_24, trog_butcher_becter
D:7:      temple_statues

Skill      XL: |  1  2  3  4  5  6  7  8 |
---------------+-------------------------+-----
Fighting       | 2 3 4 5 7 9 10 | 10.5
Armour         | 1 |  1.1
Short Blades   | |  3.6
Staves         | |  1.0
Dodging        | |  1.0
Stealth        | |  1.0
Shields        | |  1.7

Action                   |  1- 3 |  4- 6 |  7- 9 || total
-------------------------+-------+-------+-------++-------
Melee: Quarterstaff      |   126 |   192 |   201 ||   519
Throw: Throwing net      |       |       |     1 ||     1
Evoke: Wand              |       |       |     1 ||     1
  Use: Scroll            |     4 |     1 |     2 ||     7
 Stab: Sleeping          |     2 |     1 |     1 ||     4
       Paralysed         |       |       |     3 ||     3
       Held in net/web   |       |       |     1 ||     1
  Eat: Ration            |     1 |     2 |     1 ||     4
Armor: Leather armour    |    11 |       |       ||    11
       Ring mail         |    32 |    66 |    51 ||   149
       Plate armour      |     6 |       |       ||     6
Dodge: Dodged            |    80 |   209 |   156 ||   445

Table legend:
 A = Spawn XP
 B = Non-spawn XP
 C = Spawn XP percentage of total XP
 D = Spawn monster count
 E = Non-spawn monster count
 F = Spawn count percentage of total count
 G = Total turns spent on level
                    A         B        C        D         E        F      G
               +---------+---------+-------+---------+---------+-------+---------
         Total |       0 |    2727 |   0.0 |       0 |     134 |   0.0 |  4192
               +---------+---------+-------+---------+---------+-------+---------
           D:1 |       0 |      24 |   0.0 |       0 |      15 |   0.0 |   344
           D:2 |       0 |      77 |   0.0 |       0 |      27 |   0.0 |   492
           D:3 |       0 |      82 |   0.0 |       0 |       9 |   0.0 |  1324
           D:4 |       0 |     639 |   0.0 |       0 |      28 |   0.0 |   638
           D:5 |       0 |     530 |   0.0 |       0 |      25 |   0.0 |   720
           D:6 |       0 |     250 |   0.0 |       0 |       9 |   0.0 |   216
           D:7 |       0 |    1125 |   0.0 |       0 |      21 |   0.0 |   458
               +---------+---------+-------+---------+---------+-------+---------
